cohdb
Replays
Latest Replays
All Replays
Popular Replays
Top Player Replays
Match Explorer
How It Works
Community
CoH3 Stats
Reddit
Sign in to upload your games and track your stats! →
Sign in with Steam
Match 45454391
Unlisted
Match 45454391
Overview
Messages
Build Orders
End
Construct Barracks
Riflemen Squad
Riflemen Squad
Riflemen Squad
Grenade Package
Mechanized Support Center
1⁄4-ton 4x4 Truck
Construct Motor Pool
M3 75 mm Gun Motor Carriage
Selects Advanced Infantry Battlegroup
Selects Convert to Ranger Squad
Convert to Ranger Squad
M3 75 mm Gun Motor Carriage
Designate Forward Repair Station
Convert to Ranger Squad
Construct Tank Depot
Selects Ammunition Storage
Selects M2A1 105mm Howitzer Emplacement
Selects 155mm Rapid Artillery Barrage
Engineer Squad
155mm Rapid Artillery Barrage
....
LW | MUERTE
Ori
辣椒炒草莓
From Voodoo to Zen
A Sassy Badger
Urge to Merge
Jimm-e
0
0
Comments
sign in to comment!
No comments posted yet!